 Dungeon Crawl Stone Soup version 0.18.1-5-g4a78601 (webtiles) character file.

417 Zhenya25pyc the Cudgeler (level 6, -9/39 HPs)
             Began as a Gargoyle Fighter on May 14, 2016.
             Was an Initiate of Okawaru.
             Mangled by an ogre
             ... wielding a +0 giant spiked club
              (23 damage)
             ... on level 4 of the Dungeon.
             The game lasted 00:07:08 (3191 turns).

Zhenya25pyc the Cudgeler (Gargoyle Fighter)         Turns: 3191, Time: 00:07:09

Health: -9/39      AC: 14    Str: 20    XL:     6   Next: 93%
Magic:  6/6        EV:  7    Int:  9    God:    Okawaru [......]
Gold:   186        SH:  9    Dex: 10    Spells: 0 memorised, 5 levels left

rFire  + . .     SeeInvis .     x - +1 mace (holy)
rCold  . . .     Gourm    .     b - +0 scale mail {rF+}
rNeg   + . .     Faith    .     c - +0 shield
rPois  ∞         Spirit   .     (no helmet)
rElec  +         Dismiss  .     w - +0 cloak
rCorr  .         Reflect  .     e - +0 pair of gloves
SustAt .         Harm     .     (no boots)
MR     +....                    (no amulet)
Stlth  +.........               p - ring of protection from magic
                                s - ring of stealth

@: somewhat resistant to hostile enchantments, very unstealthy
A: negative energy resistance 1, electricity resistance, unbreathing,
petrification resistance, rot immunity, AC +4
a: Renounce Religion


You were on level 4 of the Dungeon.
You worshipped Okawaru.
Okawaru was noncommittal.
You were not hungry.

You visited 2 branches of the dungeon, and saw 5 of its levels.

You collected 186 gold pieces.

Inventory:

Hand Weapons
 x - a +1 mace of holy wrath (weapon)
Armour
 b - a +0 scale mail of fire resistance (worn)
 c - a +0 shield (worn)
 e - a +0 pair of gloves (worn)
 w - a +0 cloak (worn)
 A - a +0 chain mail of cold resistance
Jewellery
 p - a ring of protection from magic (right hand)
 s - a ring of stealth (left hand)
 y - a +6 ring of intelligence
Wands
 v - a wand of random effects (33/48)
Scrolls
 a - 3 scrolls of enchant weapon {unknown}
 g - 7 scrolls of remove curse {unknown}
 k - 2 scrolls of teleportation {unknown}
 m - a scroll of recharging {unknown}
 n - 2 scrolls of magic mapping {unknown}
 q - a scroll of noise {unknown}
 r - a scroll of fear {unknown}
 z - 2 scrolls of identify {unknown}
Potions
 d - a potion of might
 h - a potion of beneficial mutation {unknown}
 i - 2 potions of heal wounds {unknown}
 j - 2 potions of curing {unknown}
 t - a potion of degeneration {unknown}
 u - 2 potions of brilliance {unknown}
 C - 2 potions of lignification {unknown}
Comestibles
 f - 2 bread rations
 l - a beef jerky
 o - 4 meat rations
 B - 3 chunks of flesh
 D - 4 fruits
 E - a slice of pizza


   Skills:
 + Level 4.6 Fighting
 * Level 4.8 Maces & Flails
 + Level 4.6 Armour
 + Level 4.6 Shields


You had 5 spell levels left.
You didn't know any spells.

Dungeon Overview and Level Annotations

Branches:
Dungeon (4/15)             Temple (1/1) D:4

Altars:
Ashenzari
Cheibriados
Dithmenos
Elyvilon
Fedhas
Gozag
Kikubaaqudgha
Makhleb
Nemelex Xobeh
Okawaru
Pakellas
Qazlal
Ru
Sif Muna
Trog
Vehumet
Xom
Yredelemnul
Zin
The Shining One

Shops:
D:4 *


Innate Abilities, Weirdness & Mutations

You are resistant to torment.
Your stone body is resilient (AC +4).
You are immune to poison.
You resist negative energy.
You are resistant to electric shocks.
You can survive without breathing.
You are immune to petrification.
You are immune to rotting.


Message History

You hit the ogre.
The ogre is moderately wounded.
The ogre closely misses you.
You closely miss the ogre.
The ogre is moderately wounded.
You barely miss the ogre.
The ogre is moderately wounded.
You block the ogre's attack.
You hit the ogre.
The ogre is moderately wounded.
The ogre hits you with a giant spiked club!!
Ouch! That really hurt!
Your shield prevents you from hitting the ogre.
The ogre is moderately wounded.
The ogre hits you but does no damage.
You hit the ogre.
The ogre is heavily wounded.
The ogre hits you with a giant spiked club!!
Ouch! That really hurt!
You die...

#.# #.# #.##### # #..
... #.###.###.. ...#
#####.#.....#.# #...#
....>.......#.#
#...##
#####.#.#...#.#
#.....
.......@#...#.#
#.....
####...O##..#)#
#.....
#....##..#.#####.....
#....##..............
#...####.#.#####.....
#... .....# #..... ##
##..#####.### #.....
... .........##
#...<. #.#
#.........######.....


You could see an ogre.

Vanquished Creatures
  An ogre (D:4)
  A scorpion (D:4)
  An orc priest (D:4)
  Crazy Yiuf (D:3)
  3 orc wizards
  A worker ant (D:4)
  3 adders
  2 oozes (D:3)
  A worm (D:3)
  2 dart slugs (D:1)
  8 orcs
  4 giant cockroaches
  11 goblins
  9 hobgoblins
  7 jackals
  7 kobolds
  A quokka (D:2)
  9 bats
  2 giant newts
  5 rats
79 creatures vanquished.

Notes
Turn   | Place    | Note
--------------------------------------------------------------
     0 | D:1      | Zhenya25pyc the Gargoyle Fighter began the quest for the Orb.
     0 | D:1      | Reached XP level 1. HP: 14/14 MP: 1/1
   129 | D:1      | Reached XP level 2. HP: 11/19 MP: 2/2
   883 | D:2      | Reached XP level 3. HP: 23/23 MP: 3/3
  1363 | D:2      | Found a glowing golden altar of the Shining One.
  1501 | D:3      | Noticed Crazy Yiuf
  1511 | D:3      | Killed Crazy Yiuf
  1511 | D:3      | Reached XP level 4. HP: 25/28 MP: 4/4
  1988 | D:3      | Reached XP level 5. HP: 29/33 MP: 5/5
  2317 | D:4      | Found Pagi's Elemental Accessories.
  2431 | D:4      | Found a radiant altar of Vehumet.
  2582 | D:4      | Reached XP level 6. HP: 38/38 MP: 6/6
  2587 | D:4      | Found a staircase to the Ecumenical Temple.
  2592 | Temple   | Entered the Ecumenical Temple
  2649 | Temple   | Became a worshipper of Warmaster Okawaru
  3191 | D:4      | Mangled by an ogre

Skill      XL: |  1  2  3  4  5 |
---------------+----------------+-----
Maces & Flails | 3 4 |  4.8
Armour         | 4 |  4.6
Fighting       | 4 |  4.6
Shields        | 4 |  4.6

Action                   |  1- 3 |  4- 6 || total
-------------------------+-------+-------++-------
Melee: Flail             |   153 |       ||   153
       Mace              |       |   201 ||   201
 Stab: Invisible         |     1 |       ||     1
  Eat: Chunk             |     2 |     6 ||     8
Armor: Scale mail        |    99 |   106 ||   205
       Chain mail        |       |    24 ||    24
Dodge: Dodged            |    58 |    56 ||   114
Block: Shield            |   106 |   102 ||   208
